 Dungeon Crawl Stone Soup version 0.28.0-47-ge53b351184 (webtiles) character file.

Game seed: 11263365746141650924

15917 Iusername the Carver (level 12, -1/104 HPs)
             Began as a Minotaur Fighter on May 3, 2022.
             Was an Elder of Dithmenos.
             Slain by Snorg (6 damage)
             ... on level 12 of the Dungeon.
             The game lasted 00:28:06 (20609 turns).

Iusername the Carver (Minotaur Fighter)            Turns: 20609, Time: 00:28:09

Health: -1/104     AC: 35    Str: 26    XL:     12   Next: 5%
Magic:  11/11      EV:  8    Int:  5    God:    Dithmenos [****..]
Gold:   651        SH: 11    Dex: 10    Spells: 11/11 levels left

rFire   . . .      SeeInvis .   a - +1 long sword (protect)
rCold   . . .      Faith    .   c - +0 buckler
rNeg    . . .      Spirit   .   x - +3 plate armour
rPois   .          Reflect  +   e - +1 hat {Will+}
rElec   .          Harm     .   p - +0 cloak
rCorr   .          Rampage  .   u - +0 pair of gloves
Will    ++...                   g - +0 pair of boots
Stlth   ..........              o - amulet of reflection
HPRegen 0.27/turn               A - ring of willpower
MPRegen 0.12/turn               C - +4 ring of protection

@: under a protective aura, wreathed by umbra
A: horns 2, retaliatory headbutt
a: Renounce Religion, Shadow Step


You were on level 12 of the Dungeon.
You worshipped Dithmenos.
Dithmenos was greatly pleased with you.
You visited 1 branch of the dungeon, and saw 12 of its levels.

You collected 763 gold pieces.
You spent 112 gold pieces at shops.

Inventory:

Hand Weapons
 a - a +1 long sword of protection (weapon)
 b - a +1 hand axe of electrocution
Missiles
 f - 6 boomerangs
 t - 5 throwing nets
Armour
 c - a +0 buckler (worn)
 e - a +1 hat of willpower (worn)
 g - a +0 pair of boots (worn)
 p - a +0 cloak (worn)
 u - a +0 pair of gloves (worn)
 x - a +3 plate armour (worn)
Jewellery
 o - an amulet of reflection (around neck)
 A - a ring of willpower (left hand)
 C - a +4 ring of protection (right hand)
 G - a +4 ring of evasion
 R - a ring of fire
Wands
 m - a wand of mindburst (13) (quivered)
 n - a wand of iceblast (12)
 q - a wand of charming (23)
 y - a wand of paralysis (8)
 N - a wand of flame (8)
 P - a wand of polymorph (5)
Scrolls
 d - a scroll of vulnerability {unknown}
 h - 6 scrolls of amnesia
 i - 6 scrolls of fear
 s - 7 scrolls of blinking
 v - 6 scrolls of teleportation
 D - a scroll of noise {unknown}
 F - 2 scrolls of holy word
 H - a scroll of immolation {unknown}
 I - a scroll of summoning {unknown}
 L - 2 scrolls of fog
Potions
 j - 6 potions of attraction
 k - 2 potions of lignification
 l - a potion of cancellation
 r - 2 potions of flight
 w - 4 potions of curing
 z - 2 potions of heal wounds {unknown}
 B - a potion of degeneration {unknown}
 E - a potion of haste {unknown}
 K - a potion of ambrosia {unknown}
 O - a potion of magic {unknown}
Miscellaneous
 M - a condenser vane
 Q - a phantom mirror


   Skills:
 + Level 9.3 Fighting
 + Level 13.6 Long Blades
 + Level 1.7 Throwing
 + Level 12.4 Armour
 + Level 3.4 Dodging
 + Level 1.7 Stealth
 + Level 11.7 Shields
 + Level 2.2 Evocations


You had 11 spell levels left.
You didn't know any spells.
Your spell library contained the following spells:

 Spells                   Type           Power      Damage    Failure   Level
 Foxfire                  Conj/Fire      0%         2x1d4     99%         1
 Call Canine Familiar     Summ           0%         N/A       100%        3
 Conjure Flame            Conj/Fire      0%         6-21      100%        3
 Ignite Poison            Fire/Tmut/Pois 0%         N/A       100%        3
 Inner Flame              Hex/Fire       0%         N/A       100%        3
 Mephitic Cloud           Conj/Pois/Air  0%         N/A       100%        3
 Portal Projectile        Hex/Tloc       0%         N/A       100%        3
 Flame Wave               Conj/Fire      0%         2d4       100%        4
 Leda's Liquefaction      Hex/Erth       0%         N/A       100%        4
 Freezing Cloud           Conj/Ice/Air   0%         6-21      100%        5


Dungeon Overview and Level Annotations

Branches:
Dungeon (12/15)            Temple (0/1) D:5            Lair (0/6) D:8
    Orc (0/2) D:11

Altars:
Ashenzari
Dithmenos
Gozag
Kikubaaqudgha
Makhleb
Nemelex Xobeh
Qazlal
Trog
Yredelemnul
Zin
The Shining One

Shops:
D:4 *

Portals:
Abyss: D:11

Annotations:
D:3 3 runed translucent doors, boopmooplesden's ghost, amateur MiBe; issech's ghost, amateur TrFi; mrw3rdna's ghost, amateur MiAK
D:11 2 transporters, issech's ghost, journeyman TrMo
D:12 Snorg


Innate Abilities, Weirdness & Mutations

You have a pair of horns on your head.
You reflexively headbutt those who attack you in melee.


Message History

The gnoll closely misses you. You block Snorg's attack.
Snorg barely misses you. Snorg claws you but does no damage.
You hit Snorg.
Snorg is severely wounded.
The white ugly thing tentacle-slaps you but does no damage.
You block the gnoll's attack. The gnoll barely misses you.
You furiously retaliate!
You headbutt the gnoll, but do no damage.
The gnoll hits you with a +0 flail.
Snorg goes berserk!
You barely miss Snorg.
Snorg is severely wounded.
The white ugly thing barely misses you. You block the gnoll's attack.
Snorg barely misses you. You furiously retaliate!
You headbutt Snorg.
You block Snorg's attack. x2; The gnoll hits you but does no damage.
The gnoll closely misses you.
Unknown command.
You slash Snorg!
Snorg is severely wounded.
You block Snorg's attack. Snorg claws you! You block Snorg's attack.
The white ugly thing tentacle-slaps you but does no damage.
Unknown command.
Unknown command.
You are too injured to fight recklessly!
Unknown command.
You slash Snorg! You headbutt Snorg.
Snorg is severely wounded.
You block the gnoll's attack. Snorg bites you! You block Snorg's attack.
Snorg claws you.
* * * LOW HITPOINT WARNING * * *
The gnoll hits you with a +0 flail.
* * * LOW HITPOINT WARNING * * *
The gnoll barely misses you.
You slash Snorg!
Snorg is almost dead.
The white ugly thing tentacle-slaps you.
* * * LOW HITPOINT WARNING * * *
The white ugly thing freezes you!
* * * LOW HITPOINT WARNING * * *
Snorg bites you.
You die...

########### .
......... #.
...#...#
#..#..#...#
...........
........g.# #. .#
......gT#.# +.....
......u@#.####
#.#.#.
###...g).....+
#.....
....######.#.####
#.#.#. ...
#......# #..... .
#..(.#.# #.#.#.
#.#....###..)รท<
...#........#.#.
....#.....#......
#....#..#.....#.#.


You could see Snorg (berserk), a white ugly thing and 3 gnolls.

Vanquished Creatures
  Gastronok (D:8)
  Harold (D:8)
  A boulder beetle (D:11)
  3 two-headed ogres
  2 slime creatures (D:12)
  A skeletal warrior (D:12)
  Pikel (D:9)
  2 cyclopes (D:11)
  Joseph (D:9)
  3 komodo dragons
  2 kobold demonologists (D:12)
  A tengu conjurer (D:10)
  A hornet (D:9)
  A wraith (D:8)
  2 wyverns
  6 yaks
  A basilisk (D:8)
  Grum (D:11)
  A steam dragon (D:8)
  4 vampire mosquitoes (D:11)
  A warg (D:11)
  3 water moccasins
  An acid dragon (D:9)
  Pargi (D:3)
  6 orc warriors
  A hornet zombie (D:8)
  2 ice beasts
  2 necrophages
  3 wolves (D:11)
  4 centaurs
  3 ogres
  2 phantoms
  2 lemures (D:9)
  2 kobold brigands
  3 bullfrogs
  2 gnoll sergeants
  A wyvern zombie (D:8)
  3 scorpions
  16 killer bees
  3 howler monkeys (D:9)
  A bullfrog zombie (D:6)
  4 centaur zombies
  6 orc priests
  A gnoll shaman (D:9)
  3 hounds
  2 bullfrog skeletons
  2 iguanas (D:5)
  7 orc wizards
  A killer bee zombie (D:6)
  13 gnolls
  8 adders
  2 white imps
  An ufetubus (D:5)
  2 adder skeletons (D:4)
  2 worms (D:2)
  5 dart slugs
  27 orcs
  4 ball pythons
  6 bats
  5 endoplasms
  3 giant cockroaches
  8 goblins
  8 hobgoblins
  3 jackals (D:1)
  2 quokkas
  3 frilled lizards
  A jackal zombie (D:6)
  12 kobolds
  3 rats (D:1)
242 creatures vanquished.

Vanquished Creatures (others)
  A water moccasin (D:7)
  An orc (D:6)
2 creatures vanquished.

Grand Total: 244 creatures vanquished

Notes
Turn   | Place    | Note
-------+----------+-------------------------------------------
     0 | D:1      | Iusername the Minotaur Fighter began the quest for the Orb.
     0 | D:1      | Reached XP level 1. HP: 19/19 MP: 0/0
    81 | D:1      | Reached XP level 2. HP: 21/27 MP: 1/1
   484 | D:1      | Reached XP level 3. HP: 33/33 MP: 2/2
  1214 | D:2      | Reached skill level 1 in Dodging
  1284 | D:2      | Found a shadowy altar of Dithmenos.
  5160 | D:2      | Became a worshipper of Dithmenos the Shadowed
  5408 | D:2      | Identified the +1 dagger of Indignation {speed, Stlth+}
  5465 | D:2      | Reached XP level 4. HP: 41/41 MP: 3/3
  5605 | D:3      | Found a runed translucent gate.
  5605 | D:3      | Found a runed translucent gate.
  5630 | D:3      | Found a runed translucent gate.
  5630 | D:3      | Noticed boopmooplesden's ghost (amateur MiBe)
  5630 | D:3      | Noticed issech's ghost (amateur TrFi)
  5634 | D:3      | Noticed mrw3rdna's ghost (amateur MiAK)
  5647 | D:3      | Found a stormy altar of Qazlal.
  5654 | D:3      | Noticed Pargi
  5667 | D:3      | Killed Pargi
  5668 | D:3      | Reached skill level 3 in Long Blades
  5668 | D:3      | Reached skill level 5 in Armour
  5668 | D:3      | Reached XP level 5. HP: 36/47 MP: 4/4
  5939 | D:3      | Found a faded altar of an unknown god.
  6097 | D:3      | Reached skill level 4 in Long Blades
  6652 | D:4      | Found a bloodstained altar of Trog.
  6854 | D:4      | Reached skill level 5 in Fighting
  6854 | D:4      | Reached XP level 6. HP: 56/56 MP: 5/5
  6898 | D:4      | Reached * piety under Dithmenos
  7147 | D:4      | Found Qef Qam's Assorted Antiques.
  7374 | D:4      | Bought a pair of gloves for 112 gold pieces
  7415 | D:5      | Entered Level 5 of the Dungeon
  7579 | D:5      | Reached skill level 5 in Long Blades
  7579 | D:5      | Reached skill level 1 in Stealth
  7801 | D:5      | Reached XP level 7. HP: 43/61 MP: 6/6
  8135 | D:5      | Found a staircase to the Ecumenical Temple.
  8144 | D:5      | Reached skill level 6 in Long Blades
  8748 | D:5      | Found an ancient bone altar of Kikubaaqudgha.
  8953 | D:5      | Reached skill level 5 in Shields
  8981 | D:5      | Found a burning altar of Makhleb.
  9360 | D:6      | Reached skill level 7 in Long Blades
  9779 | D:6      | Reached XP level 8. HP: 69/69 MP: 7/7
 10119 | D:6      | Identified the +3 leather armour of Amorality {rF+++ rCorr
                  | Stlth-}
 10146 | D:6      | Found a sparkling altar of Nemelex Xobeh.
 10271 | D:6      | Reached skill level 8 in Long Blades
 10373 | D:6      | Found a runed translucent door.
 10382 | D:6      | Found a basalt altar of Yredelemnul.
 10936 | D:7      | Reached XP level 9. HP: 28/78 MP: 8/8
 11158 | D:7      | Reached skill level 9 in Long Blades
 12103 | D:7      | Noticed a two-headed ogre
 12113 | D:7      | Killed a two-headed ogre
 12999 | D:8      | Noticed Harold
 13017 | D:8      | Killed Harold
 13018 | D:8      | Reached skill level 10 in Long Blades
 13018 | D:8      | Reached skill level 10 in Armour
 13087 | D:8      | Reached ** piety under Dithmenos
 13088 | D:8      | Reached XP level 10. HP: 70/86 MP: 9/9
 13358 | D:8      | Noticed Gastronok
 13388 | D:8      | Killed Gastronok
 14130 | D:8      | Reached skill level 11 in Long Blades
 14381 | D:8      | Found a staircase to the Lair.
 15221 | D:9      | Noticed Joseph
 15250 | D:9      | Killed Joseph
 15485 | D:9      | Noticed a two-headed ogre
 15498 | D:9      | Killed a two-headed ogre
 15732 | D:9      | Reached skill level 12 in Long Blades
 15732 | D:9      | Reached XP level 11. HP: 84/94 MP: 10/10
 15905 | D:9      | Found a broken altar of Ashenzari.
 15914 | D:9      | Found a glowing golden altar of the Shining One.
 15928 | D:9      | Reached skill level 10 in Shields
 16060 | D:9      | Noticed Pikel
 16067 | D:9      | Killed Pikel
 16280 | D:10     | Entered Level 10 of the Dungeon
 16316 | D:10     | Found a glowing silver altar of Zin.
 16340 | D:10     | Reached *** piety under Dithmenos
 16523 | D:10     | Found an opulent altar of Gozag.
 16661 | D:10     | Noticed a two-headed ogre
 16676 | D:10     | Killed a two-headed ogre
 16985 | D:11     | Noticed Grum
 17001 | D:11     | Killed Grum
 17607 | D:11     | Found a staircase to the Orcish Mines.
 17632 | D:11     | Reached skill level 1 in Throwing
 18194 | D:11     | Found a transporter.
 18241 | D:11     | Reached skill level 1 in Evocations
 18455 | D:11     | Reached **** piety under Dithmenos
 18456 | D:11     | Reached skill level 13 in Long Blades
 18901 | D:11     | Noticed a boulder beetle
 18925 | D:11     | Killed a boulder beetle
 18973 | D:11     | Found a transporter.
 18977 | D:11     | Found a one-way gate to the infinite horrors of the Abyss.
 18977 | D:11     | Noticed issech's ghost (journeyman TrMo)
 18978 | D:11     | Noticed a skeletal warrior
 20186 | D:12     | Noticed a skeletal warrior
 20192 | D:12     | Reached XP level 12. HP: 93/104 MP: 11/11
 20594 | D:12     | Noticed Snorg
 20609 | D:12     | HP: 5/104 [white ugly thing (15)]
 20609 | D:12     | Slain by Snorg

Illustrated notes

Levels and vault maps discovered:
D:1:      amcnicky_arrival_blooded_trapdoor, layout_loops_ring,
          chequers_arboretum, amcnicky_mini_pool_small
D:2:      layout_loops_corners, basic_altar
D:3:      layout_basic, nicolae_qazlal_general_emergency,
          hellmonk_ecumenical_altar_crossroads, gammafunk_ghost_cemetery,
          corexii_corridor_pit, uniq_pargi
D:4:      layout_basic, old_standard_altar, serial_shops, kennysheep_mini
D:5:      layout_layer_cave, mainiacjoe_overflow_surrounded_room,
          mainiacjoe_overflow_catwalk, minmay_temple_entry_proselytizer
D:6:      layout_cave_pods, dk_yredelemnul_ordeal, nemelex_dance_club_becter,
          corexii_hall_statues_s
D:7:      layout_basic
D:8:      layout_loops_ring, erik_lair_dragon, uniq_gastronok, uniq_harold
D:9:      layout_irregular_city, cheibrodos_ashenzari_chains,
          amcnicky_altar_gilded, hangedman_decor_diamond_cutter, hex_tiny,
          minmay_puff, uniq_pikel, uniq_joseph
D:10:     layout_roguey, nicolae_gozag_seed_capital,
          mainiacjoe_overflow_tiny_flanked, kennysheep_decorative_pillar
D:11:     layout_irregular_city, david_orc_1_choice,
          gammafunk_ghost_abyssal_escape, uniq_grum
D:12:     layout_stronghold, serial_shops, nicolae_shop_statue_plus,
          nicolae_shop_window_shopping, nicolae_inconvenience_store,
          kennysheep_little_box, st_stairs_13, uniq_psyche, uniq_snorg

Skill      XL: |  1  2  3  4  5  6  7  8  9 10 11 |
---------------+----------------------------------+-----
Fighting       | 4 5 6 7 8 9 |  9.3
Armour         | 4 5 6 8 10 11 12 | 12.4
Shields        | 4 5 6 8 9 11 | 11.7
Dodging        | 1 2 3 |  3.4
Long Blades    | 3 4 5 7 8 10 12 13 | 13.6
Stealth        | 1 |  1.7
Throwing       | 1 |  1.7
Evocations     | 2 |  2.2

Action                   |  1- 3 |  4- 6 |  7- 9 | 10-12 || total
-------------------------+-------+-------+-------+-------++-------
Melee: Long sword        |    88 |    92 |   238 |   530 ||   948
       Headbutt          |    18 |    11 |    52 |   112 ||   193
Throw: Boomerang         |       |       |       |    34 ||    34
Evoke: Wand              |       |       |       |    26 ||    26
  Use: Scroll            |       |       |    10 |     7 ||    17
       Potion            |       |       |     3 |       ||     3
 Stab: Invisible         |       |       |     1 |       ||     1
Armor: Scale mail        |    41 |    51 |    10 |       ||   102
       Plate armour      |       |       |   161 |   290 ||   451
Dodge: Dodged            |    37 |    53 |    97 |   204 ||   391
Block: Buckler           |    18 |    38 |   144 |   333 ||   533
       Reflection        |       |     1 |     5 |     6 ||    12
